 Dungeon Crawl Stone Soup version 0.17.0-28-g6e173f8 (webtiles) character file.

181 karlm the Conjurer (level 5, -12/28 HPs)
             Began as a Deep Elf Wizard on Nov 30, 2015.
             Killed by divine providence
             ... invoked by an orc priest
              (14 damage)
             ... on level 2 of the Dungeon.
             The game lasted 00:10:40 (2414 turns).

karlm the Conjurer (Deep Elf Wizard)                Turns: 2414, Time: 00:10:40

Health: -12/28     AC:  3    Str:  4    XL:     5   Next: 34%
Magic:  3/13       EV: 12    Int: 24    God:
Gold:   104        SH:  0    Dex: 13    Spells: 4 memorised, 3 levels left

rFire  . . .     SeeInvis .     h - +2 hand axe (drain)
rCold  . . .     Clarity  .     a - +0 robe
rNeg   . . .     SustAt   .     (no shield)
rPois  +         Gourm    .     b - +0 hat
rElec  .         Spirit   .     s - +0 cloak {rPois}
rCorr  .         Warding  .     (no gloves)
rMut   .         Stasis   .     (no boots)
MR     .....                    (no amulet)
Stlth  ++........               (no ring)
                                (no ring)

@: very slightly contaminated, not resistant to hostile enchantments, unstealthy
A: no striking features
a: no special abilities


You were on level 2 of the Dungeon.
You were hungry.

You visited 1 branch of the dungeon, and saw 3 of its levels.

You collected 104 gold pieces.

Inventory:

Hand Weapons
 h - a +2 hand axe of draining (weapon)
Armour
 a - a +0 robe (worn)
 b - a +0 hat (worn)
 l - a +0 cloak
 s - a +0 cloak of poison resistance (worn)
Jewellery
 p - an uncursed amulet of warding {unknown}
Scrolls
 e - a scroll of amnesia {unknown}
 g - 2 scrolls of random uselessness {unknown}
 k - a scroll of recharging {unknown}
 q - 2 scrolls of magic mapping {unknown}
 r - 5 scrolls of teleportation {unknown}
 t - 2 scrolls of identify {unknown}
 w - 3 scrolls of remove curse {unknown}
Potions
 f - a potion of agility {unknown}
 j - a potion of invisibility {unknown}
 o - a potion of flight {unknown}
 v - a potion of might {unknown}
Books
 c - a book of Minor Magic

   Spells                             Type                      Level
   a - Magic Dart                     Conjuration                  1
   b - Blink                          Translocation                2
   c - Call Imp                       Summoning                    2
   d - Repel Missiles                 Charms/Air                   2
   e - Slow                           Hexes                        2
   f - Conjure Flame                  Conjuration/Fire             3
   g - Mephitic Cloud                 Conjuration/Poison/Air       3
Comestibles
 d - 2 bread rations
 i - 2 slices of pizza
 u - a beef jerky


   Skills:
 - Level 2.4 Dodging
 - Level 2.4 Stealth
 - Level 4.4 Spellcasting
 + Level 4.5 Conjurations
 - Level 2.3 Summonings
   Level 1.1 Translocations
 + Level 2.5 Fire Magic


You had 3 spell levels left.
You knew the following spells:

 Your Spells              Type           Power        Failure   Level  Hunger
a - Magic Dart            Conj           ####         1%          1    None
b - Call Imp              Summ           ###.....     8%          2    None
c - Conjure Flame         Conj/Fire      ###.....     10%         3    ##.....
d - Mephitic Cloud        Conj/Pois/Air  ##......     17%         3    ##.....


Dungeon Overview and Level Annotations

Branches:
Dungeon (3/15)

Altars:

Annotations:
D:2 Sigmund


Message History

You drain the orc priest!
The orc priest is almost dead.
The orc priest closely misses you.
You hit the orc priest but do no damage.
The orc priest is almost dead.
Your crimson imp blinks!
The orc priest barely misses you.
You hit the orc priest but do no damage.
You drain the orc priest!
The orc priest is almost dead.
The orc priest misses you.
You hit the orc priest but do no damage.
The orc priest is almost dead.
The orc priest barely misses you.
You barely miss the orc priest.
The orc priest is almost dead.
The orc priest mumbles some strange prayers to Beogh against you.
Something smites you!
Ouch! That really hurt!
You die...

#.####...########.###
#.# #...# #.# #.#
#...# #.# #.# #...#
#.# #.####...# #(#
####....+...# #.#
.....####...# #.#
.....###....###### #.#
.....+.'......5o@# #.#
.....###.....#######.#
.....................#
............##########
........##.##
####....##.#
#....##.#####
#....)......#
#...........#


You could see an orc priest and a friendly crimson imp.

Vanquished Creatures
  An orc priest (D:3)
  Crazy Yiuf (D:2)
  Ijyb (D:3)
  Jessica (D:2)
  A shadow imp (D:3)
  3 giant geckos
  3 orcs (D:3)
  3 ball pythons
  4 bats
  8 goblins
  3 hobgoblins
  6 kobolds
  3 giant cockroaches (D:3)
  3 giant newts
  A rat (D:2)
42 creatures vanquished.

Vanquished Creatures (collateral kills)
  2 worms (D:2)
  2 giant geckos
  A goblin (D:1)
5 creatures vanquished.

Grand Total: 47 creatures vanquished

Notes
Turn   | Place    | Note
--------------------------------------------------------------
     0 | D:1      | karlm the Deep Elf Wizard began the quest for the Orb.
     0 | D:1      | Reached XP level 1. HP: 10/10 MP: 7/7
   346 | D:1      | Reached XP level 2. HP: 15/15 MP: 6/9
   350 | D:1      | Learned a level 2 spell: Call Imp
   854 | D:2      | Noticed Sigmund
   989 | D:2      | Noticed Jessica
   992 | D:2      | Killed Jessica
   992 | D:2      | Reached XP level 3. HP: 19/19 MP: 5/10
   997 | D:2      | Learned a level 3 spell: Conjure Flame
  1001 | D:2      | Learned a level 3 spell: Mephitic Cloud
  1180 | D:2      | Noticed Crazy Yiuf
  1192 | D:2      | Killed Crazy Yiuf
  1192 | D:2      | Reached skill level 1 in Fire Magic
  1192 | D:2      | Reached XP level 4. HP: 24/24 MP: 0/12
  1935 | D:3      | Reached XP level 5. HP: 28/28 MP: 2/13
  2235 | D:3      | Noticed Ijyb
  2396 | D:3      | Killed Ijyb
  2406 | D:2      | HP: 1/28 [orc priest/flail (4)]
  2414 | D:2      | Killed from afar by an orc priest

Action                   |  1- 3 |  4- 6 || total
-------------------------+-------+-------++-------
Melee: Hand axe          |       |    13 ||    13
 Cast: Magic Dart        |    47 |    50 ||    97
       Call Imp          |     6 |     2 ||     8
       Conjure Flame     |     1 |     4 ||     5
       Mephitic Cloud    |       |     2 ||     2
  Use: Potion            |       |     1 ||     1
 Stab: Confused          |       |     1 ||     1
  Eat: Chunk             |     1 |     3 ||     4
